 Dungeon Crawl Stone Soup version 0.31-a0-198-g2ad674f65e (webtiles) character file.

Game seed: 15649895692834986510

129 qw the Skirmisher (level 4, -4/25 HPs)
             Began as a Deep Elf Hunter on June 25, 2023.
             Slain by Pikel
             ... wielding a +2 whip of flaming
              (6 damage)
             ... on level 4 of the Dungeon.
             The game lasted 00:01:02 (2191 turns).

qw the Skirmisher (Deep Elf Hunter)                 Turns: 2191, Time: 00:01:03

Health: -4/25      AC:  6    Str: 10    XL:     4   Next: 88%
Magic:  6/6        EV: 16    Int: 14    God:
Gold:   213        SH:  0    Dex: 18    Spells: 3/3 levels left

rFire   . . .        Y - +1 shortbow
rCold   . . .        (shield currently unavailable)
rNeg    . . .        i - +0 ring mail
rPois   .            (no helmet)
rElec   .            d - +0 cloak
rCorr   .            (no gloves)
SInv    .            (no boots)
Will    .....        h - amulet of the acrobat
Stlth   +            f - +5 ring of evasion
HPRegen 0.24/turn    (no ring)
MPRegen 0.10/turn

%: acrobat
@: no status effects
A: no striking features
a: no special abilities


You were on level 4 of the Dungeon.
You visited 1 branch of the dungeon, and saw 4 of its levels.

You collected 213 gold pieces.


   Skills:
 - Level 1.5 Fighting
 + Level 8.3 Ranged Weapons
 - Level 2.4 Dodging
 - Level 1.2 Stealth


You had 3 spell levels left.
You didn't know any spells.
Your spell library was empty.

Inventory:

Hand Weapons
 Y - a +1 shortbow (weapon)
Armour
 d - a +0 cloak (worn)
 i - a +0 ring mail (worn)
Jewellery
 f - a +5 ring of evasion (left hand)
 h - an amulet of the acrobat (around neck)
 j - a ring of poison resistance
Wands
 a - a wand of digging (6)
Scrolls
 b - a scroll of fear {unknown}
 g - a scroll of identify
Potions
 c - a potion of might
 e - 3 potions of curing
 k - a potion of cancellation
 m - a potion of heal wounds {unknown}
 n - a potion of lignification {unknown}

Dungeon Overview and Level Annotations

Branches:
Dungeon (4/15)
 Temple: D:4-7

Altars:

Annotations:
D:3 1 runed translucent door, Crazy Yiuf
D:4 Pikel


Message History

The lemure is moderately wounded.
You shoot an arrow. The arrow hits the lemure!
The lemure is severely wounded.
You shoot an arrow.
The arrow hits the lemure but does no damage.
The lemure is severely wounded.
The lemure barely misses you. The lemure hits you.
You shoot an arrow. The arrow closely misses the lemure.
The lemure misses you. The lemure closely misses you.
You shoot an arrow. The arrow barely misses the lemure.
The lemure misses you.
You shoot an arrow. The arrow hits the lemure.
The lemure is severely wounded.
The lemure misses you. The lemure closely misses you. The lemure hits you.
You shoot an arrow. The arrow barely misses the lemure.
The lemure hits you. The lemure closely misses you.
The lemure barely misses you.
You shoot an arrow. The arrow closely misses the lemure.
The lemure barely misses you. The lemure closely misses you.
The lemure misses you.
You shoot an arrow.
The arrow hits the lemure but does no damage.
The lemure is severely wounded.
The lemure hits you but does no damage. x2; The lemure completely misses you. x2
The lemure closely misses you.
You shoot an arrow.
The arrow hits the lemure but does no damage.
The lemure is severely wounded.
The lemure misses you.
Pikel zaps a wand.
The puff of flame hits you! The lemure hits you but does no damage.
You shoot an arrow. The arrow hits the lemure.
The lemure is severely wounded.
The lemure hits you but does no damage. The lemure misses you.
Pikel hits you with a +2 whip of flaming!
Pikel burns you.
You shoot an arrow. The arrow hits the lemure.
The lemure is almost dead.
The lemure hits you. The lemure closely misses you.
Pikel hits you with a +2 whip of flaming.
You die...

..##........#
#####........+.........
...##...##..##.........
...###'######........#
............#........+
............#........#
............#........#
............#........#
...##...##%##..5@5...#
...##...#.....##K#####
....'..>#.....#55.
....#...#.....#....
....#...#....>#.....
....#...#.....#......
....#...#.....#.......
...##...#.....+........
+####...#.....#


You could see Pikel and 4 lemures.

Vanquished Creatures
  A sleepcap (D:4)
  An adder (D:3)
  2 worms
  3 dart slugs
  An orc (D:3)
  8 bats
  14 endoplasms
  2 giant cockroaches
  8 goblins
  10 hobgoblins
  4 kobolds
  4 quokkas
  5 ball pythons
  7 frilled lizards
  3 rats (D:1)
73 creatures vanquished.

Notes
Turn   | Place    | Note
-------+----------+-------------------------------------------
     0 | D:1      | qw the Deep Elf Hunter began the quest for the Orb.
     0 | D:1      | Reached XP level 1. HP: 12/12 MP: 3/3
     0 | D:1      | 0 ||| qw: Version: 0.3-a-22-g0ed2b0b
     0 | D:1      | 0 ||| qw: Game counter: 5183
     0 | D:1      | 0 ||| qw: Melee chars always use a shield: true
     0 | D:1      | 0 ||| qw: God list: Okawaru
     0 | D:1      | 0 ||| qw: Allow faded altars: false
     0 | D:1      | 0 ||| qw: Do Orc after clearing Dungeon:15 true
     0 | D:1      | 0 ||| qw: Do second Lair branch before Depths: true
     0 | D:1      | 0 ||| qw: Lair rune preference: random
     0 | D:1      | 0 ||| qw: Goals: Normal
     0 | D:1      | 0 ||| PLANNING D:1-11
   126 | D:1      | Reached skill level 6 in Ranged Weapons
   126 | D:1      | Reached XP level 2. HP: 16/16 MP: 4/4
   654 | D:1      | Found a faded altar of an unknown god.
   677 | D:1      | 677 ||| UPGRADING to +0 scale mail.
   687 | D:1      | 687 ||| DROPPING +0 leather armour.
   688 | D:1      | 688 ||| UPGRADING to amulet of the acrobat.
   693 | D:1      | 693 ||| DROPPING +6 ring of intelligence.
   694 | D:1      | 694 ||| READING scroll labelled ORAYLI IRUG.
   695 | D:1      | 695 ||| READING scroll labelled FOIMURGH PALOV.
   696 | D:1      | 696 ||| READING 2 scrolls labelled ZAM IPOPRYZAKK.
   697 | D:1      | 697 ||| DRINKING 2 silvery potions.
   698 | D:1      | 698 ||| DROPPING scroll of butterflies.
   740 | D:2      | 740 ||| STAIRDANCE
   746 | D:1      | Reached XP level 3. HP: 7/20 MP: 5/5
  1031 | D:2      | Reached skill level 7 in Ranged Weapons
  1359 | D:2      | 1359 ||| UPGRADING to +0 cloak.
  1364 | D:2      | 1364 ||| UPGRADING to +5 ring of evasion.
  1365 | D:2      | 1365 ||| READING 2 scrolls labelled SISSITUTUN.
  1366 | D:2      | 1366 ||| READING scroll labelled ZEAT RUPESCHAO.
  1367 | D:2      | 1367 ||| READING 4 scrolls of identify.
  1367 | D:2      | 1367 ||| IDENTIFYING sapphire potion
  1368 | D:2      | 1368 ||| READING 3 scrolls of identify.
  1368 | D:2      | 1368 ||| IDENTIFYING orange potion
  1369 | D:2      | 1369 ||| READING 2 scrolls of identify.
  1369 | D:2      | 1369 ||| IDENTIFYING fizzy coppery potion
  1370 | D:2      | 1370 ||| DROPPING scroll of revelation.
  1371 | D:2      | 1371 ||| DROPPING potion of invisibility.
  1494 | D:3      | Reached XP level 4. HP: 25/25 MP: 6/6
  1769 | D:3      | 1769 ||| FLEEEEING.
  1879 | D:3      | Found a runed translucent door.
  1880 | D:3      | Noticed Crazy Yiuf
  1941 | D:3      | 1941 ||| UPGRADING to +0 ring mail.
  1951 | D:3      | 1951 ||| DROPPING +0 scale mail.
  1952 | D:3      | 1952 ||| READING scroll labelled VYEBID EGEA.
  1953 | D:3      | 1953 ||| READING scroll labelled WEKYLO CABAU.
  1954 | D:3      | 1954 ||| READING scroll labelled SELULO JOED.
  2043 | D:4      | Reached skill level 8 in Ranged Weapons
  2178 | D:4      | Noticed a lemure
  2178 | D:4      | Noticed a lemure
  2178 | D:4      | Noticed a lemure
  2178 | D:4      | Noticed a lemure
  2178 | D:4      | Noticed Pikel
  2190 | D:4      | HP: 6/25 [Pikel/+2 whip of flaming (8)]
  2191 | D:4      | HP: 2/25 [lemure[Pikel] (2)]
  2191 | D:4      | Slain by Pikel

Levels and vault maps discovered:
D:1:      elethiomel_arrival_shortcut, layout_loops_ring,
          hellmonk_ecumenical_altar_pennies_from_heaven
D:2:      wander_river, layout_basic
D:3:      layout_rooms, uniq_crazy_yiuf_cottage
D:4:      layout_gridville, temple_doors_e, serial_shops, shop, uniq_duvessa,
          uniq_edmund, uniq_pikel

Skill      XL: |  1  2  3  4 |
---------------+-------------+-----
Ranged Weapons | 6 7 8 |  8.3
Fighting       | |  1.5
Dodging        | |  2.4
Stealth        | |  1.2

Action                     |  1- 3 |  4- 6 || total
---------------------------+-------+-------++-------
   Fire: Shortbow          |   145 |    77 ||   222
    Use: Scroll            |     8 |     3 ||    11
         Potion            |     1 |       ||     1
 Armour: Scale mail        |    19 |     1 ||    20
         Leather armour    |     1 |       ||     1
         Ring mail         |       |     5 ||     5
  Dodge: Dodged            |    24 |    34 ||    58

Table legend:
 A = Non-vault XP
 B = Vault XP
 C = Vault XP percentage of total XP
 D = Non-vault monster count
 E = Vault monster count
 F = Vault count percentage of total count
                 A         B        C        D         E       F
            +---------+---------+-------+---------+---------+-------
      Total |     185 |       0 |   0.0 |      73 |       0 |   0.0
            +---------+---------+-------+---------+---------+-------
        D:1 |      42 |       0 |   0.0 |      23 |       0 |   0.0
        D:2 |      38 |       0 |   0.0 |      22 |       0 |   0.0
        D:3 |      54 |       0 |   0.0 |      22 |       0 |   0.0
        D:4 |      51 |       0 |   0.0 |       6 |       0 |   0.0
            +---------+---------+-------+---------+---------+-------
